 Dungeon Crawl Stone Soup version 0.25-a0-322-g3677130cb1 (webtiles) character file.

Game seed: 10579301440116983052, levelgen mode: deterministic

53 Error4North the Skirmisher (level 3, 0/33 HPs)
             Began as a Hill Orc Fighter on Dec 27, 2019.
             Succumbed to an adder's poison
             ... on level 2 of the Dungeon.
             The game lasted 00:04:12 (1188 turns).

Error4North the Skirmisher (Hill Orc Fighter)       Turns: 1188, Time: 00:04:13

Health: 0/33       AC:  7    Str: 24    XL:     3   Next: 89%
Magic:  3/4        EV:  7    Int:  8    God:
Gold:   86         SH:  9    Dex: 10    Spells: 3/3 levels left

rFire    . . .     SeeInvis .   a - +0 war axe
rCold    . . .     Gourm    .   c - +0 shield
rNeg     . . .     Faith    .   b - +0 scale mail
rPois    .         Spirit   .   (no helmet)
rElec    .         Reflect  .   (no cloak)
rCorr    .         Harm     .   (no gloves)
MR       .....                  (no boots)
Stlth    ..........             (no amulet)
HPRegen  0.11/turn              (no ring)
MPRegen  0.09/turn              (no ring)

@: mighty, lethally poisoned (0 -> -7)
A: no striking features
a: no special abilities


You were on level 2 of the Dungeon.
You were not hungry.

You visited 1 branch of the dungeon, and saw 2 of its levels.

You collected 86 gold pieces.

Inventory:

Hand Weapons
 a - a +0 war axe (weapon)
Armour
 b - a +0 scale mail (worn)
 c - a +0 shield (worn)
Scrolls
 e - 2 scrolls of remove curse {unknown}
 l - a scroll of amnesia {unknown}
 m - a scroll of fear {unknown}
 p - a scroll of blinking {unknown}
 q - a scroll of fog {unknown}
Potions
 g - a potion of brilliance {unknown}
 h - 2 potions of degeneration {unknown}
 i - 2 potions of agility {unknown}
 j - a potion of mutation {unknown}
 k - 2 potions of resistance {unknown}
 n - a potion of berserk rage {unknown}
Comestibles
 f - 5 rations
 o - 3 chunks of flesh


   Skills:
 + Level 4.0 Fighting
 + Level 3.0 Axes
 * Level 3.8 Armour
 * Level 3.9 Shields
 * Level 0.7 Spellcasting


You had 3 spell levels left.
You didn't know any spells.
Your spell library was empty.

Dungeon Overview and Level Annotations

Branches:
Dungeon (2/15)

Altars:
Gozag


Message History

* * * LOW HITPOINT WARNING * * *
You feel sick.
The adder bites you but does no damage. x2
You slash the adder!
You kill the adder!
Your Axes skill increases to level 3!
* * * LOW HITPOINT WARNING * * *
You feel sick.
Your scale mail prevents you from hitting the frilled lizard.
* * * LOW HITPOINT WARNING * * *
You feel sick. You block the frilled lizard's attack.
The frilled lizard closely misses you.
You barely miss the frilled lizard.
* * * LOW HITPOINT WARNING * * *
You feel sick. You block the frilled lizard's attack.
You closely miss the frilled lizard.
* * * LOW HITPOINT WARNING * * *
You feel sick.
The frilled lizard bites you but does no damage.
You miss the frilled lizard.
You die...

... #. #.#
#.##.# #.##.#
#.##.# #.##.#
#.##†####.#
###.#..@l..S#
#.._....###....
.######
#.#.###.## #
.......
#.#...#..##
.######
#.........# #.#
##..#.#.#.# #.#
#........# #.#
#..#.#.#.# #.#
##.÷.....# #.#


You could see an adder (wandering) and a frilled lizard.

Vanquished Creatures
  2 adders (D:2)
  An ooze (D:2)
  A dart slug (D:1)
  2 leopard geckos
  A giant cockroach (D:1)
  3 goblins (D:1)
  5 hobgoblins
  3 jackals (D:2)
  2 bats
  4 kobolds (D:1)
  4 rats
28 creatures vanquished.

Notes
Turn   | Place    | Note
-------+----------+-------------------------------------------
     0 | D:1      | Error4North the Hill Orc Fighter began the quest for the
                  | Orb.
     0 | D:1      | Reached XP level 1. HP: 19/19 MP: 1/1
   403 | D:1      | Reached XP level 2. HP: 27/27 MP: 2/2
   967 | D:2      | Reached XP level 3. HP: 33/33 MP: 3/3
  1104 | D:2      | Reached skill level 4 in Fighting
  1127 | D:2      | Found an opulent altar of Gozag.
  1187 | D:2      | HP: 1/33 [poisoned by an adder]
  1188 | D:2      | Succumbed to an adder's poison

Levels and vault maps discovered:
D:1:      evilmike_arrival_plus, layout_loops_ring
D:2:      layout_loops_ring, led_sif_pool, lemuel_crystal_altar, serial_glass,
          glass_columns_b, glass_columns_b

Skill      XL: |  1  2  3 |
---------------+----------+-----
Fighting       | 4 |  4.0
Axes           | 3 |  3.0
Armour         | |  3.8
Shields        | |  3.9
Spellcasting   | |  0.7

Action                   || total
-------------------------++-------
Melee: War axe           ||   100
  Use: Potion            ||     1
  Eat: Chunk             ||     1
Armor: Scale mail        ||    41
Dodge: Dodged            ||    31
Block: Shield            ||    38

Table legend:
 A = Non-vault XP
 B = Vault XP
 C = Vault XP percentage of total XP
 D = Non-vault monster count
 E = Vault monster count
 F = Vault count percentage of total count
                 A         B        C        D         E       F
            +---------+---------+-------+---------+---------+-------
      Total |      77 |       0 |   0.0 |      28 |       0 |   0.0
            +---------+---------+-------+---------+---------+-------
        D:1 |      28 |       0 |   0.0 |      16 |       0 |   0.0
        D:2 |      49 |       0 |   0.0 |      12 |       0 |   0.0
            +---------+---------+-------+---------+---------+-------
